 Dungeon Crawl Stone Soup version 0.26-a0-652-gafc20e3620 (webtiles) character file.

Game seed: 8985494013792365655

305 marklar909 the Ducker (level 6, 0/37 HPs)
             Began as a Kobold Artificer on Oct 3, 2020.
             Succumbed to a worker ant's poison
             ... on level 3 of the Dungeon.
             The game lasted 00:11:09 (5194 turns).

marklar909 the Ducker (Kobold Artificer)            Turns: 5194, Time: 00:11:10

Health: 0/37       AC:  5    Str:  9    XL:     6   Next: 66%
Magic:  6/6        EV: 14    Int: 13    God:
Gold:   147        SH:  0    Dex: 17    Spells: 5/5 levels left

rFire    . . .     SeeInvis +   o - +0 short sword
rCold    . . .     Faith    .   (shield restricted)
rNeg     . . .     Spirit   .   l - +0 ring mail
rPois    .         Reflect  .   (no helmet)
rElec    .         Harm     .   (no cloak)
rCorr    .         Rampage  .   (no gloves)
MR       .....                  (no boots)
Stlth    +++.......             (no amulet)
HPRegen  0.12/turn              v - ring of see invisible
MPRegen  0.10/turn              (no ring)

@: lethally poisoned (0 -> -5), stab, flying
A: small, nightstalker 3
a: no special abilities


You were on level 3 of the Dungeon.
You visited 1 branch of the dungeon, and saw 4 of its levels.

You collected 147 gold pieces.

Inventory:

Hand Weapons
 o - a +0 short sword (weapon)
Missiles
 s - 15 poisoned darts (quivered)
Armour
 l - a +0 ring mail (worn)
 t - a +0 buckler
Jewellery
 f - a cursed ring of attention {unknown}
 r - an uncursed ring of fire
 v - a ring of see invisible (left hand)
Wands
 c - a wand of flame (6)
 d - a wand of enslavement (15)
 e - a wand of random effects (12)
 m - a wand of iceblast (3)
Scrolls
 a - 3 scrolls of blinking
 b - a scroll of magic mapping {unknown}
 h - a scroll of fog {unknown}
 i - 2 scrolls of identify {unknown}
 j - 2 scrolls of teleportation {unknown}
 n - 2 scrolls of remove curse {unknown}
 q - a scroll of amnesia {unknown}
 u - a scroll of enchant armour {unknown}
 w - a scroll of immolation {unknown}
Potions
 g - a potion of might
 k - a potion of resistance
 p - a potion of stabbing


   Skills:
 + Level 3.0 Fighting
 + Level 3.7 Short Blades
 + Level 1.6 Throwing
 + Level 2.0 Armour
 + Level 4.1 Dodging
 + Level 2.8 Stealth
 + Level 3.9 Evocations


You had 5 spell levels left.
You didn't know any spells.
Your spell library was empty.

Dungeon Overview and Level Annotations

Branches:
Dungeon (4/15)
 Temple: D:4-7

Altars:
Trog
Wu Jian


Innate Abilities, Weirdness & Mutations

You are small and have problems with some larger weapons.
You are completely attuned to the shadows.


Message History

It was a potion of flight.
You feel very buoyant.
You fly up into the air.
* * * LOW HITPOINT WARNING * * *
You feel sick.
* * * LOW HITPOINT WARNING * * *
You feel sick.
* * * LOW HITPOINT WARNING * * *
You feel sick.
* * * LOW HITPOINT WARNING * * *
You feel sick.
* * * LOW HITPOINT WARNING * * *
You feel sick.
* * * LOW HITPOINT WARNING * * *
You feel sick.
* * * LOW HITPOINT WARNING * * *
You feel sick.
* * * LOW HITPOINT WARNING * * *
You feel sick.
You die...

......# #.....................###
#.....###..#..............##.....
#....>'..........................
#.....###..................#..##.
#.....'..........................
......###.#......#............###
#####....................[.......
.....###..##.#............<......
.....# #.....#..@.......>..##.###
.....###..##.#....#..##..#.##.# #
##...........##..<.(.......##.# #
#.#.#.......##.####..#..#....# #
##.......######..........#.##.# #
...#.#.#.###########..........###
...#.#.#........^................
...#.###.#######..#####.....###.#
...+.####### #.................#


There were no monsters in sight!

Vanquished Creatures
  A bullfrog (D:3)
  2 orc priests (D:3)
  An orc wizard (D:3)
  A worker ant (D:3)
  4 adders
  An ooze (D:2)
  A worm (D:3)
  2 dart slugs (D:1)
  2 leopard geckos
  6 orcs
  A ball python (D:3)
  8 bats
  6 giant cockroaches
  9 goblins
  9 hobgoblins
  9 jackals (D:3)
  A quokka (D:2)
  3 frilled lizards
  6 kobolds
  8 rats
81 creatures vanquished.

Notes
Turn   | Place    | Note
-------+----------+-------------------------------------------
     0 | D:1      | marklar909 the Kobold Artificer began the quest for the
                  | Orb.
     0 | D:1      | Reached XP level 1. HP: 12/12 MP: 1/1
   370 | D:1      | Reached XP level 2. HP: 3/17 MP: 2/2
   943 | D:1      | Reached skill level 1 in Armour
  1217 | D:1      | Reached skill level 3 in Dodging
  1219 | D:1      | Reached XP level 3. HP: 21/21 MP: 3/3
  2596 | D:2      | Reached skill level 1 in Short Blades
  2951 | D:2      | Reached XP level 4. HP: 24/26 MP: 4/4
  3089 | D:2      | Found an ornate altar of the Wu Jian Council.
  3816 | D:3      | Reached XP level 5. HP: 27/30 MP: 5/5
  4017 | D:3      | Reached skill level 1 in Throwing
  4610 | D:3      | Reached skill level 4 in Dodging
  4610 | D:3      | Reached XP level 6. HP: 32/36 MP: 6/6
  4925 | D:3      | Found a bloodstained altar of Trog.
  5192 | D:3      | HP: 1/37 [poisoned by a worker ant]
  5194 | D:3      | Succumbed to a worker ant's poison

Illustrated notes

Levels and vault maps discovered:
D:1:      beargit_arrival_greenhouse, layout_rooms
D:2:      layout_basic, marbit_many_paths
D:3:      layout_basic, old_standard_altar, corexii_corridor_pit,
          minmay_pentomino_pile
D:4:      layout_rooms, okawaru_altar_gauntlet_db, uniq_blork_the_orc

Skill      XL: |  1  2  3  4  5  6 |
---------------+-------------------+-----
Armour         | 1 2 |  2.0
Dodging        | 3 4 |  4.1
Short Blades   | 1 2 3 |  3.7
Fighting       | 2 3 |  3.0
Stealth        | 2 |  2.8
Throwing       | 1 |  1.6
Evocations     | |  3.9

Action                   |  1- 3 |  4- 6 || total
-------------------------+-------+-------++-------
Melee: Club              |    46 |       ||    46
       Dagger            |    96 |       ||    96
       Short sword       |    35 |   198 ||   233
Throw: Stone             |    17 |       ||    17
       Dart              |     1 |    34 ||    35
Evoke: Wand              |     8 |     7 ||    15
  Use: Potion            |     1 |     5 ||     6
       Scroll            |     1 |       ||     1
 Stab: Sleeping          |     9 |     4 ||    13
       Paralysed         |     1 |       ||     1
Armor: Leather armour    |    37 |       ||    37
       Ring mail         |    11 |    49 ||    60
       Skin              |       |    13 ||    13
Dodge: Dodged            |   170 |   168 ||   338

Table legend: (Time is in decaauts)
 A = Elapsed time spent in this place.
 B = Non-inter-level travel time spent in this place.
 C = Inter-level travel time spent in this place.
 D = Time resting spent in this place.
 E = Time spent auto-exploring this place.
 F = Levels seen in this place.
 G = Mean time per level.
                   A        B        C        D        E       F      G
               +--------+--------+--------+--------+--------+-----+--------+
         Total |   5209 |   5097 |    112 |   2019 |   2101 |   4 | 1302.2 |
       Dungeon |   5209 |   5097 |    112 |   2019 |   2101 |   4 | 1302.2 |
               +--------+--------+--------+--------+--------+-----+--------+

Top non-repeatable levels by time:
     D:1: 1841 daAuts
     D:2: 1735 daAuts
     D:3: 1607 daAuts
     D:4: 24 daAuts
